 Dungeon Crawl Stone Soup version 0.31-a0-426-g3a05650e59 (webtiles) character file.

Game seed: 17830305477167835859

280 drugrobin the Chopper (level 5, -1/42 HPs)
             Began as a Demigod Delver on July 31, 2023.
             Slain by a sleepcap (2 damage)
             ... on level 4 of the Dungeon.
             The game lasted 00:10:15 (3927 turns).

drugrobin the Chopper (Demigod Delver)              Turns: 3927, Time: 00:10:15

Health: -1/42      AC:  6    Str: 17    XL:     5   Next: 76%
Magic:  7/7        EV: 11    Int: 12    God:
Gold:   172        SH:  0    Dex: 15    Spells: 4/4 levels left

rFire   . . .        a - +2 hand axe (flame)
rCold   + . .        (no shield)
rNeg    + . .        o - +0 ring mail
rPois   .            (no helmet)
rElec   .            (no cloak)
rCorr   .            s - +0 pair of gloves
SInv    .            (no boots)
Will    .....        (no amulet)
Stlth   ++           q - ring of protection from cold
HPRegen 0.27/turn    t - ring of positive energy
MPRegen 0.10/turn

%: no passive effects
@: no status effects
A: high MP 1, forlorn, divine attributes
a: no special abilities


You were on level 4 of the Dungeon.
You visited 2 branches of the dungeon, and saw 6 of its levels.

You collected 193 gold pieces.
You spent 21 gold pieces at shops.

Inventory:

Hand Weapons
 a - a +2 hand axe of flaming (weapon)
 b - a +0 sling
 d - a +1 heavy war axe
Missiles
 y - 10 poisoned darts (quivered)
Armour
 j - a +0 leather armour
 o - a +0 ring mail (worn)
 s - a +0 pair of gloves (worn)
Jewellery
 q - a ring of protection from cold (left hand)
 t - a ring of positive energy (right hand)
Wands
 g - a wand of digging (1)
Scrolls
 e - a scroll of fear
 h - 2 scrolls of noise {unknown}
 i - 2 scrolls of fog
 m - a scroll of teleportation {unknown}
 n - a scroll of vulnerability {unknown}
 p - a scroll of silence {unknown}
 x - 6 scrolls of identify {unknown}
Potions
 c - a potion of curing {unknown}
 f - 3 potions of haste
 k - a potion of berserk rage {unknown}
 r - a potion of enlightenment {unknown}
 u - a potion of invisibility {unknown}
 v - 2 potions of degeneration {unknown}
 w - a potion of mutation {unknown}


   Skills:
 - Level 2.6 Fighting
 + Level 5.8 Axes
 - Level 1.7 Dodging
 - Level 4.5 Stealth


You had 4 spell levels left.
You didn't know any spells.
Your spell library contained the following spells:

 Spells                   Type           Power      Damage    Failure   Level
 Dazzling Flash           Conj/Hex       0%         N/A       88%         3
 Agony                    Necr           0%         N/A       100%        5
 Silence                  Hex/Air        0%         N/A       100%        5


Dungeon Overview and Level Annotations

Branches:
Dungeon (5/15)             Temple (1/1) D:5

Shops:
D:2 =   D:5 (

Annotations:
D:5 exclusions: adder, iguana, ogre, orc and scorpion


Innate Abilities, Weirdness & Mutations

You have an increased reservoir of magic. (+10% MP)
You shall have no god before yourself.
Your divine heritage dramatically boosts your attributes as you level up.


Message History

You hit the sleepcap. You burn the sleepcap.
The sleepcap is lightly damaged.
The sleepcap releases spores at you.
You are engulfed in a cloud of soporific spores!
You fall asleep.
The sleepcap releases spores at you!!
You wake up.
You are engulfed in a cloud of soporific spores!
You are unaffected.
You hit the sleepcap. You burn the sleepcap.
The sleepcap is moderately damaged.
The sleepcap closely misses you.
You hit the sleepcap. You burn the sleepcap.
The sleepcap is heavily damaged.
The sleepcap closely misses you.
You hit the sleepcap. You burn the sleepcap.
The sleepcap is heavily damaged.
The sleepcap barely misses you.
You hit the sleepcap but do no damage.
The sleepcap is heavily damaged.
The sleepcap releases spores at you.
You hit the sleepcap but do no damage.
The sleepcap is heavily damaged.
The sleepcap barely misses you.
You hit the sleepcap. You burn the sleepcap.
The sleepcap is severely damaged.
The sleepcap releases spores at you.
You are engulfed in a cloud of soporific spores!
You fall asleep.
An endoplasm comes into view.
The sleepcap releases spores at you!!
You wake up.
* * * LOW HITPOINT WARNING * * *
Unknown command.
Unknown command.
Unknown command.
The sleepcap attacks as you move away!
The sleepcap releases spores at you but does no damage.
You hit the sleepcap. You burn the sleepcap.
The sleepcap is almost destroyed.
The sleepcap releases spores at you.
You die...

##*.# *,***,,,,,,,
#...#** *,**,,*,,,**
#.#J#,***,**,***,**
#...#,,**,,,,,,*,**
#)#.+,,**,,,,,,,,,**
#..$#,,**,,,,,,,,,,*
#.#.#,,,,,,,,***,,,,
#.f.#,,,,,,,,,*,,,,,
###@#,,,,,,,,,,,,,,,
#...#,,,,...,,,,,,,,
#.#.#,,,)..<,**,,,,,
#...#,,,...,,**,,,,,
#[#.#,,,...,,**,,,,,
#.).#***#.#####,.,,,
#.#.# #.....#..,,,
#)..#####........,,,
###.#............,,,


You could see a sleepcap and an endoplasm.

Vanquished Creatures
  2 scorpions
  A hound (D:5)
  An orc priest (D:3)
  2 adders
  3 worms
  2 dart slugs (D:2)
  6 orcs
  4 endoplasms
  A giant cockroach (D:3)
  4 goblins
  9 hobgoblins
  4 jackals (D:3)
  5 ball pythons
  5 bats
  5 frilled lizards
  7 kobolds
  4 rats
65 creatures vanquished.

Notes
Turn   | Place    | Note
-------+----------+-------------------------------------------
     0 | D:5      | drugrobin the Demigod Delver began the quest for the Orb.
     0 | D:5      | Reached XP level 1. HP: 18/18 MP: 3/3
    11 | D:5      | Noticed a jelly
    29 | D:5      | Found Saikh's Weapon Boutique.
    33 | D:5      | Noticed an ogre
    65 | D:5      | Reached skill level 2 in Axes
    70 | D:5      | Found a staircase to the Ecumenical Temple.
    75 | Temple   | Entered the Ecumenical Temple
   140 | D:5      | Noticed a scorpion
   150 | D:5      | Noticed an iguana
   269 | D:5      | Bought a +0 sling for 21 gold pieces
   280 | D:5      | Noticed a hound
   295 | D:5      | Killed a hound
   296 | D:5      | Reached skill level 3 in Axes
   296 | D:5      | Reached XP level 2. HP: 17/25 MP: 4/4
   387 | D:4      | Noticed a scorpion
   544 | D:3      | Reached XP level 3. HP: 26/30 MP: 5/5
  1529 | D:2      | Found Dagurghos's Jewellery Boutique.
  1877 | D:2      | Noticed a scorpion
  1958 | D:2      | Reached skill level 4 in Axes
  2262 | D:3      | Reached XP level 4. HP: 37/37 MP: 6/6
  3031 | D:3      | Reached skill level 5 in Axes
  3031 | D:3      | Reached XP level 5. HP: 33/42 MP: 7/7
  3925 | D:4      | HP: 1/42 [sleepcap (20)]
  3927 | D:4      | Slain by a sleepcap

Illustrated notes

Levels and vault maps discovered:
D:1:      kennysheep_arrival_forest, layout_basic
D:2:      minmay_recursive_quarters, layout_loops_corners, serial_shops,
          nicolae_shop_trees
D:3:      layout_loops_ring, dreamdust_ecumenical_altar_angels_and_demons
D:4:      layout_rooms, xom_confusion_cloud, serial_bayou_pond_a,
          corexii_leaking_fountain, hangedman_minor_gate_pass
D:5:      layout_loops_ring, mainiacjoe_overflow_large_starburst,
          temple_statues, serial_shops, nicolae_shop_tiny_waterfront,
          minivault_24, uniq_prince_ribbit1
Temple:   eino_wide_crystal_templ

Skill      XL: |  1  2  3  4 |
---------------+-------------+-----
Axes           | 3 4 5 |  5.8
Fighting       | |  2.6
Dodging        | |  1.7
Stealth        | |  4.5

Action                     |  1- 3 |  4- 6 || total
---------------------------+-------+-------++-------
  Melee: Hand axe          |    87 |    93 ||   180
         War axe           |       |     1 ||     1
   Fire: Sling             |    45 |     2 ||    47
  Throw: Dart              |       |     3 ||     3
  Evoke: Wand              |     2 |       ||     2
    Use: Scroll            |     2 |     1 ||     3
         Potion            |       |     2 ||     2
   Stab: Sleeping          |     2 |     4 ||     6
 Armour: Leather armour    |     9 |       ||     9
         Ring mail         |    20 |    28 ||    48
  Dodge: Dodged            |    50 |    41 ||    91

Table legend: (Time is in decaauts)
 A = Elapsed time spent in this place.
 B = Non-inter-level travel time spent in this place.
 C = Inter-level travel time spent in this place.
 D = Time resting spent in this place.
 E = Time spent auto-exploring this place.
 F = Levels seen in this place.
 G = Mean time per level.
                   A        B        C        D        E       F      G
               +--------+--------+--------+--------+--------+-----+--------+
         Total |   3955 |   3667 |    288 |    522 |   2047 |   6 |  659.2 |
       Dungeon |   3953 |   3665 |    288 |    522 |   2047 |   5 |  790.6 |
        Temple |      1 |      1 |      0 |      0 |      0 |   1 |    1.0 |
               +--------+--------+--------+--------+--------+-----+--------+

Top non-repeatable levels by time:
     D:2: 1612 daAuts
     D:3: 1060 daAuts
     D:1: 841 daAuts
     D:5: 387 daAuts
     D:4: 51 daAuts
  Temple: 1 daAuts
